 Dungeon Crawl Stone Soup version 0.29.1-2-gbd0b4ee654 (webtiles) character file.

Game seed: 4124457989020361796

5 Linkola the Vexing (level 1, 10/11 HPs)
             Began as a Deep Elf Arcane Marksman on Oct 23, 2022.
             Quit the game on level 1 of the Dungeon on Oct 24, 2022.
             The game lasted 00:01:29 (208 turns).

Linkola the Vexing (Deep Elf Arcane Marksman)        Turns: 208, Time: 00:01:30

Health: 10/11      AC:  2    Str:  7    XL:     1   Next: 66%
Magic:  5/5        EV: 12    Int: 17    God:
Gold:   14         SH:  0    Dex: 15    Spells: 2/3 levels left

rFire   . . .      SeeInvis .   a - +1 sling
rCold   . . .      Faith    .   (no shield)
rNeg    . . .      Spirit   .   c - +0 robe
rPois   .          Reflect  .   (no helmet)
rElec   .          Harm     .   (no cloak)
rCorr   .          Rampage  .   (no gloves)
Will    .....                   (no boots)
Stlth   +.........              (no amulet)
HPRegen 0.03/turn               (no ring)
MPRegen 0.09/turn               (no ring)

@: no status effects
A: no striking features
a: no special abilities


You were on level 1 of the Dungeon.
You visited 1 branch of the dungeon, and saw 1 of its levels.

You collected 14 gold pieces.

Inventory:

Hand Weapons
 a - a +1 sling (weapon)
Armour
 c - a +0 robe (worn)
Scrolls
 b - a scroll of poison
 d - a scroll of enchant weapon {unknown}


   Skills:
 + Level 0.7 Fighting
 + Level 2.7 Ranged Weapons
 + Level 2.6 Dodging
 + Level 1.5 Spellcasting
 + Level 4.3 Hexes


You had 2 spell levels left.
You knew the following spells:

 Your Spells              Type           Power      Damage    Failure   Level
a - Slow                  Hex            64%        N/A       3%          1

Your spell library contained the following spells:

 Spells                   Type           Power      Damage    Failure   Level
 Inner Flame              Hex/Fire       8%         N/A       26%         3
 Portal Projectile        Hex/Tloc       16%        N/A       26%         3
 Cause Fear               Hex            8%         N/A       34%         4


Dungeon Overview and Level Annotations

Branches:
Dungeon (1/15)

Altars:


Message History

The sling bullet barely misses the ball python.
Fire: a) +1 sling
Press: ? - help, Q - select action, (/) - cycle Shift-Dir - straight line, f/p - ball python
Aim: a ball python (slow, 53% to hit)
You shoot a sling bullet.
The sling bullet closely misses the ball python.
Fire: a) +1 sling
Press: ? - help, Q - select action, (/) - cycle Shift-Dir - straight line, f/p - ball python
Aim: a ball python (slow, 53% to hit)
You shoot a sling bullet. The sling bullet hits the ball python.
You kill the ball python!
Magic restored.
You open the door.
There is an open door here.
A rat comes into view.
Fire: a) +1 sling
Press: ? - help, Q - select action, (/) - cycle Shift-Dir - straight line, f - rat
Aim: a rat (57% to hit)
You shoot a sling bullet.
The sling bullet hits the rat but does no damage.
Fire: a) +1 sling
Press: ? - help, Q - select action, (/) - cycle Shift-Dir - straight line, f/p - rat
Aim: a rat (57% to hit)
You shoot a sling bullet.
The sling bullet completely misses the rat.
The rat bites you.
Fire: a) +1 sling
Press: ? - help, Q - select action, (/) - cycle Shift-Dir - straight line, f/p - rat
Aim: a rat (57% to hit)
You shoot a sling bullet.
The sling bullet closely misses the rat.
The rat bites you but does no damage.
Welcome back, Linkola the Deep Elf Arcane Marksman.
Press ? for a list of commands and other information.
Fire: a) +1 sling
Press: ? - help, Q - select action, (/) - cycle Shift-Dir - straight line, f - rat
Aim: a rat (57% to hit)
You shoot a sling bullet. The sling bullet hits the rat.
You kill the rat!
Are you sure you want to abandon this character and quit the game? (Confirm with "yes".)

########...##.##.#
#####.....#
#....## #....# .
#....# ... #....#
##..####....#
.......#....#
#†@##### ##.# #..
###. .# #


There were no monsters in sight!

Vanquished Creatures
  2 ball pythons (D:1)
  A hobgoblin (D:1)
  A kobold (D:1)
  A rat (D:1)
5 creatures vanquished.

Notes
Turn   | Place    | Note
-------+----------+-------------------------------------------
     0 | D:1      | Linkola the Deep Elf Arcane Marksman began the quest for
                  | the Orb.
     0 | D:1      | Reached XP level 1. HP: 11/11 MP: 5/5
   208 | D:1      | Quit the game

Illustrated notes

Levels and vault maps discovered:
D:1:      sevenhm_arrival_forest_fort_large_2, layout_basic,
          ebering_ecumenical_altar_petrified

Action                   || total
-------------------------++-------
 Fire: Sling             ||    15
 Cast: Slow              ||     2
Armor: Robe              ||     1
Dodge: Dodged            ||     2
